Canadiens vs Flyers

Created - April-26-14 at 10:51

Goals
1 2 3 OT1 T
Canadiens 1 2 0 1 4
Flyers 0 0 3 0 3
Shots
1 2 3 OT1 T
Canadiens 8 18 10 5 41
Flyers 5 6 23 2 36

1st period

1. Canadiens , Sven Baertschi 2 (Mike Weber) at 1:17

Penalties :
Mark Fistric (PHI) for Hooking (Minor) at 1:37, Anton Volchenkov (MTL) for Holding (Minor) at 4:18, Mike Weber (MTL) for Holding Stick (Minor) at 9:15

2nd period

2. Canadiens , Anton Volchenkov 1 (Joffrey Lupul, Corey Perry) at 2:14
3. Canadiens , Chris Kunitz 4 (Pavel Datsyuk, Jordan Eberle) at 3:56

Penalties :
Brian Lee (PHI) for Boarding (Minor) at 6:01, Chris Kunitz (MTL) for Hooking (Minor) at 7:37, Kyle Okposo (PHI) for Cross-checking (Minor) at 12:41

3rd period

4. Flyers , Justin Williams 6 (Kevin Bieksa, Kyle Brodziak) at 4:52 (PP)
5. Flyers , Dainius Zubrus 5 (Jack Skille, Carlo Colaiacovo) at 11:06
6. Flyers , Justin Williams 7 (Dainius Zubrus, Joni Pitkanen) at 11:17

Penalties :
Travis Hamonic (MTL) for Hooking (Minor) at 3:35, Mike Weber (MTL) for Hooking (Minor) at 8:58, Kevin Bieksa (PHI) for High sticking (Minor) at 12:26, Jack Skille (PHI) for Roughing (Minor) at 14:35

Overtime #1

7. Canadiens , Chris Kunitz 5 (Eric Nystrom, Jordan Eberle) at 10:53 (PP)

Penalties :
Jack Skille (PHI) for Interference (Minor) at 3:19, Eric Belanger (PHI) for Unsportsmanlike conduct (Major / Game Misconduct) at 6:11

Goalie Stats

Jonathan Bernier (MTL), 33 saves from 36 shots - (0.917), W, 4-1-0, 70:54 minutes
Craig Anderson (PHI), 37 saves from 41 shots - (0.902), OTL, 6-2-2, 70:54 minutes

Players Stats for Canadiens

Player Name              G  A  P  +/- PIM S  H  SB GA TA FO     MP     PP MP  PK MP  
------------------------------------------------------------------------------------
Anton Volchenkov         1  0  1   1  2   2  5  0  0  0  0/0    21:41   1:01   3:18 
Chris Kunitz             2  0  2   1  2   7  4  0  0  0  1/1    22:49   7:44   0:00 
Corey Perry              0  1  1  -1  0   7  2  0  0  0  0/1    23:24   7:58   0:00 
Eric Nystrom             0  1  1   0  0   1  0  1  0  0  10/23  11:19   0:22   6:12 
Joffrey Lupul            0  1  1  -1  0   2  2  0  0  0  1/1    23:00   7:57   0:00 
Jonathan Toews           0  0  0  -1  0   6  0  1  0  0  18/33  23:46   7:58   0:22 
Jordan Eberle            0  2  2   1  0   2  0  1  0  0  1/2    28:40   7:45   5:50 
Josh Bailey              0  0  0   1  0   1  1  0  0  0  9/10   10:35   0:00   0:00 
Mason Raymond            0  0  0   1  0   0  0  0  0  0  0/1    13:13   0:00   2:38 
Michal Rozsival          0  0  0   1  0   0  2  2  0  0  0/0    24:20   8:01   0:36 
Mike Weber               0  1  1  -1  4   0  4  0  0  0  0/0    17:28   1:07   2:36 
Pavel Datsyuk            0  1  1   1  0   4  0  0  0  0  13/26  25:36   7:53   2:38 
Rostislav Klesla         0  0  0   1  0   3  1  4  0  0  0/0    26:50   7:07   3:22 
Sven Baertschi           1  0  1   1  0   2  1  0  0  0  0/0    10:35   0:00   0:00 
T.J. Brennan             0  0  0  -1  0   0  2  1  0  0  0/0    22:44   7:08   2:51 
Taylor Pyatt             0  0  0   0  0   1  1  0  0  0  0/0     5:46   1:01   0:00 
Travis Hamonic           0  0  0   1  2   3  4  1  0  0  0/0    28:41   8:02   4:57 
Tyler Kennedy            0  0  0   0  0   0  1  0  0  0  0/0     4:45   0:00   0:00 

Players Stats for Flyers

Player Name              G  A  P  +/- PIM S  H  SB GA TA FO     MP     PP MP  PK MP  
------------------------------------------------------------------------------------
Brian Lee                0  0  0   0  2   0  0  0  0  0  0/0     5:53   0:00   0:25 
Carlo Colaiacovo         0  1  1   0  0   0  1  1  0  0  0/0    10:25   0:00   0:00 
Dainius Zubrus           1  1  2   2  0   3  0  0  0  0  4/12   25:11   1:00   1:43 
Dany Heatley             0  0  0  -1  0   2  1  0  0  0  0/1    13:02   5:17   0:00 
Eric Belanger            0  0  0  -1  15  1  0  1  0  0  11/23  16:17   0:00   7:16 
Gabriel Bourque          0  0  0  -2  0   5  3  0  0  0  0/1    20:55   3:33   3:01 
Jack Skille              0  1  1   1  4   2  3  0  0  0  0/0     9:54   0:17   0:00 
Jean-Gabriel Pageau      0  0  0   1  0   0  0  0  0  0  0/3    12:26   0:00   2:47 
Joni Pitkanen            0  1  1   1  0   5  0  1  0  0  0/0    30:32   4:53  10:06 
Justin Williams          2  0  2   1  0   6  0  0  0  0  0/1    19:07   5:00   0:00 
Kevin Bieksa             0  1  1   1  2   2  2  2  0  0  0/0    28:37   4:53   8:12 
Kyle Brodziak            0  1  1   1  0   1  0  0  0  0  23/35  24:18   5:00   4:48 
Kyle Okposo              0  0  0  -3  2   1  3  0  0  0  1/3    28:38   3:33   3:48 
Marek Zidlicky           0  0  0  -2  0   3  0  3  0  0  0/0    24:27   3:57   6:06 
Mark Fistric             0  0  0   0  2   0  2  0  0  0  0/0    11:34   0:00   1:10 
Mark Stuart              0  0  0  -2  0   3  6  0  0  0  0/0    24:48   3:57   6:27 
Philip Larsen            0  0  0   0  0   0  0  1  0  0  0/0     5:29   0:00   0:00 
R.J. Umberger            0  0  0  -2  0   2  2  0  0  0  6/19   26:14   2:50   9:03 

3 Stars

1 - Chris Kunitz (MTL)
2 - Justin Williams (PHI)
3 - Dainius Zubrus (PHI)

Power Play

Canadiens - 1 on 7 Attempt(s) - 14.29%
Flyers - 1 on 5 Attempt(s) - 20.00%

Penalty Kill

Canadiens - 4 on 5 Attempt(s) - 80.00% - Score 0 goal in Penalty Kill
Flyers - 6 on 7 Attempt(s) - 85.71% - Score 0 goal in Penalty Kill

Official

Referees : TJ Luxmore and Eric Furlatt
Linesman : Greg Devorski and Andy McElman

Game Notes

Eric Belanger ejected from game at 6:11 of 1st overtime period

Finance

Level 1 -- Attendance: 6500 (100.00%) -- Ticket Income $650,000
Level 2 -- Attendance: 5000 (100.00%) -- Ticket Income $330,000
Level 3 -- Attendance: 3500 (100.00%) -- Ticket Income $112,000
Level 4 -- Attendance: 3537 (100.00%) -- Ticket Income $70,740
Luxury Box -- Attendance: 1000 (100.00%) -- Ticket Income $175,000
Game was played at the Wells Fargo Center
Total Attendance: 19537 (100.00%)
Total Ticket Income: $1,337,740
Other Income: $200,661
Total Income: $1,538,401


% Time on Ice - Canadiens

Lines # - Real PCT - Wanted PCT - Time Play
Normal Forward
1 - 33% - 33% - 15:03
2 - 33% - 32% - 15:05
3 - 23% - 22% - 10:35
4 - 10% - 13% - 4:45
Normal Defense
1 - 35% - 37% - 15:43
2 - 36% - 36% - 16:21
3 - 15% - 14% - 6:49
4 - 14% - 13% - 6:35
PP Forward
1 - 49% - 50% - 7:58
2 - 51% - 50% - 8:15
PP Defense
1 - 56% - 50% - 9:06
2 - 44% - 50% - 7:07
PK Forward
1 - 70% - 60% - 6:12
2 - 30% - 40% - 2:38
PK Defense
1 - 55% - 60% - 4:50
2 - 45% - 40% - 4:00
PK3 Forward
1 - 0% - 60%
2 - 0% - 40%
PK3 Defense
1 - 0% - 60%
2 - 0% - 40%
44 Forward
1 - 100% - 60% - 0:23
2 - 0% - 40% - 0:00
44 Defense
1 - 0% - 60% - 0:00
2 - 100% - 40% - 0:23
Last Minute Offensive  - 0:00
Last Minute Defensive  - 0:00
Total
Forward - 70:54
Defense - 70:54

% Time on Ice - Flyers

Lines # - Real PCT - Wanted PCT - Time Play
Normal Forward
1 - 31% - 40% - 14:07
2 - 32% - 30% - 14:21
3 - 21% - 20% - 9:39
4 - 16% - 10% - 7:21
Normal Defense
1 - 34% - 40% - 15:33
2 - 31% - 35% - 14:01
3 - 23% - 25% - 10:25
4 - 12% - 0% - 5:29
PP Forward
1 - 60% - 60% - 5:17
2 - 40% - 40% - 3:33
PP Defense
1 - 55% - 60% - 4:53
2 - 45% - 40% - 3:57
PK Forward
1 - 70% - 60% - 11:25
2 - 30% - 40% - 4:48
PK Defense
1 - 65% - 60% - 10:31
2 - 35% - 40% - 5:42
PK3 Forward
1 - 0% - 60%
2 - 0% - 40%
PK3 Defense
1 - 0% - 60%
2 - 0% - 40%
44 Forward
1 - 100% - 60% - 0:23
2 - 0% - 40% - 0:00
44 Defense
1 - 0% - 60% - 0:00
2 - 100% - 40% - 0:23
Last Minute Offensive  - 0:00
Last Minute Defensive  - 0:00
Total
Forward - 70:54
Defense - 70:54

Play by Play

1st period


0:01 of 1st period - Jonathan Toews wins face-off versus Kyle Brodziak in neutral zone.
0:14 of 1st period - Shot by Justin Williams.
0:14 of 1st period - Shot Blocked by Michal Rozsival.
0:16 of 1st period - Shot by Kevin Bieksa.
0:16 of 1st period - Shot Misses the Net.
0:18 of 1st period - Shot by Dainius Zubrus.
0:18 of 1st period - The goal is going for a video replay.
0:18 of 1st period - The goal is refused.
0:19 of 1st period - R.J. Umberger wins face-off versus Pavel Datsyuk in Canadiens zone.
1:17 of 1st period - Shot by Sven Baertschi.
1:17 of 1st period - Goal by Sven Baertschi - Canadiens : 1 - Flyers : 0.
1:18 of 1st period - Eric Nystrom wins face-off versus Dainius Zubrus in neutral zone.
1:37 of 1st period - Minor Penalty to Mark Fistric for Hooking.
1:38 of 1st period - Jonathan Toews wins face-off versus Eric Belanger in Flyers zone.
3:22 of 1st period - Shot by Joffrey Lupul.
3:22 of 1st period - Shot Misses the Net.
3:24 of 1st period - Shot by Joffrey Lupul.
3:24 of 1st period - Stopped by Craig Anderson with a rebound.
3:26 of 1st period - Shot by Rostislav Klesla.
3:26 of 1st period - Stopped by Craig Anderson without a rebound.
3:27 of 1st period - Kyle Brodziak wins face-off versus Jonathan Toews in Flyers zone.
4:05 of 1st period - Off-side.
4:06 of 1st period - Eric Nystrom wins face-off versus Kyle Brodziak in neutral zone.
4:08 of 1st period - Rostislav Klesla is hit by Mark Stuart and loses puck.
4:18 of 1st period - Minor Penalty to Anton Volchenkov for Holding.
4:19 of 1st period - Eric Nystrom wins face-off versus Kyle Brodziak in Canadiens zone.
4:28 of 1st period - Eric Nystrom is hit by Dany Heatley and loses puck.
5:30 of 1st period - Shot by Joni Pitkanen.
5:30 of 1st period - Shot Misses the Net.
5:32 of 1st period - Shot by Gabriel Bourque.
5:32 of 1st period - Stopped by Jonathan Bernier without a rebound.
5:33 of 1st period - Eric Nystrom wins face-off versus Kyle Okposo in Canadiens zone.
6:10 of 1st period - Pavel Datsyuk is hit by Gabriel Bourque and loses puck.
6:18 of 1st period - Icing by Travis Hamonic.
6:19 of 1st period - Jonathan Toews wins face-off versus Dainius Zubrus in Canadiens zone.
6:35 of 1st period - Jean-Gabriel Pageau is hit by Anton Volchenkov and loses puck.
6:45 of 1st period - Jack Skille is hit by Anton Volchenkov.
7:21 of 1st period - Shot by Kyle Okposo.
7:21 of 1st period - Stopped by Jonathan Bernier without a rebound.
7:22 of 1st period - Josh Bailey wins face-off versus R.J. Umberger in Canadiens zone.
7:27 of 1st period - Philip Larsen is hit by Sven Baertschi.
7:28 of 1st period - Icing by Philip Larsen.
7:29 of 1st period - Pavel Datsyuk wins face-off versus R.J. Umberger in Flyers zone.
8:18 of 1st period - Rostislav Klesla is hit by Gabriel Bourque.
8:50 of 1st period - Shot by Sven Baertschi.
8:50 of 1st period - Stopped by Craig Anderson without a rebound.
8:51 of 1st period - Kyle Brodziak wins face-off versus Jonathan Toews in Flyers zone.
8:51 of 1st period - Justin Williams is hit by Joffrey Lupul and loses puck.
9:15 of 1st period - Minor Penalty to Mike Weber for Holding Stick.
9:16 of 1st period - Eric Nystrom wins face-off versus Kyle Brodziak in Canadiens zone.
9:50 of 1st period - Justin Williams is hit by Travis Hamonic and loses puck.
10:00 of 1st period - Icing by Kyle Brodziak.
10:01 of 1st period - Kyle Brodziak wins face-off versus Eric Nystrom in Flyers zone.
10:33 of 1st period - Shot by Kevin Bieksa.
10:33 of 1st period - Shot Blocked by Rostislav Klesla.
10:35 of 1st period - Shot by Kevin Bieksa.
10:35 of 1st period - Shot Misses the Net.
10:37 of 1st period - Shot by Joni Pitkanen.
10:37 of 1st period - Shot Misses the Net.
10:39 of 1st period - Shot by Kevin Bieksa.
10:39 of 1st period - Shot Blocked by T.J. Brennan.
10:41 of 1st period - Shot by Kevin Bieksa.
10:41 of 1st period - Stopped by Jonathan Bernier with a rebound.
10:51 of 1st period - Shot by Joni Pitkanen.
10:51 of 1st period - Shot Hit the Post.
11:27 of 1st period - Shot by Joffrey Lupul.
11:27 of 1st period - Deflect By Jonathan Toews.
11:27 of 1st period - Shot Misses the Net.
11:29 of 1st period - Shot by Corey Perry.
11:29 of 1st period - Deflect By Jonathan Toews.
11:29 of 1st period - Shot Misses the Net.
11:31 of 1st period - Shot by Travis Hamonic.
11:31 of 1st period - Shot Misses the Net.
11:45 of 1st period - Shot by Corey Perry.
11:45 of 1st period - Stopped by Craig Anderson without a rebound.
11:46 of 1st period - Josh Bailey wins face-off versus R.J. Umberger in Flyers zone.
12:14 of 1st period - Icing by Brian Lee.
12:15 of 1st period - Jonathan Toews wins face-off versus R.J. Umberger in Flyers zone.
12:18 of 1st period - Shot by Corey Perry.
12:18 of 1st period - Stopped by Craig Anderson without a rebound.
12:19 of 1st period - Jonathan Toews wins face-off versus Kyle Brodziak in Flyers zone.
12:22 of 1st period - Shot by Jonathan Toews.
12:22 of 1st period - Shot Misses the Net.
12:31 of 1st period - Shot by Kyle Brodziak.
12:31 of 1st period - Shot Misses the Net.
12:54 of 1st period - Justin Williams is hit by Anton Volchenkov and loses puck.
13:31 of 1st period - Shot by Dany Heatley.
13:31 of 1st period - Shot Blocked by Travis Hamonic.
13:33 of 1st period - Shot by Eric Belanger.
13:33 of 1st period - Stopped by Jonathan Bernier without a rebound.
13:34 of 1st period - Dainius Zubrus wins face-off versus Eric Nystrom in Canadiens zone.
15:21 of 1st period - Kevin Bieksa is hit by Anton Volchenkov and loses puck.
16:11 of 1st period - Shot by Mason Raymond.
16:11 of 1st period - Shot Misses the Net.
16:28 of 1st period - Off-side.
16:29 of 1st period - Eric Nystrom wins face-off versus Dainius Zubrus in neutral zone.
16:57 of 1st period - Dainius Zubrus is hit by Travis Hamonic and loses puck.
17:49 of 1st period - Kyle Okposo is hit by Michal Rozsival and loses puck.
18:15 of 1st period - Shot by Chris Kunitz.
18:15 of 1st period - Stopped by Craig Anderson with a rebound.
18:17 of 1st period - Shot by Anton Volchenkov.
18:17 of 1st period - Shot Blocked by Carlo Colaiacovo.
18:19 of 1st period - Shot by Rostislav Klesla.
18:19 of 1st period - Stopped by Craig Anderson without a rebound.
18:20 of 1st period - Kyle Brodziak wins face-off versus Pavel Datsyuk in Flyers zone.
18:30 of 1st period - Dainius Zubrus is hit by T.J. Brennan and loses puck.
19:35 of 1st period - Eric Belanger is hit by Corey Perry and loses puck.
Goals for this period are 1 for Canadiens vs 0 for Flyers.
Shots for this period are 8 for Canadiens vs 5 for Flyers.

2nd period


0:01 of 2nd period - Kyle Brodziak wins face-off versus Pavel Datsyuk in neutral zone.
0:25 of 2nd period - Off-side.
0:26 of 2nd period - Jonathan Toews wins face-off versus R.J. Umberger in neutral zone.
0:40 of 2nd period - Shot by Kyle Okposo.
0:40 of 2nd period - Deflect By Gabriel Bourque.
0:40 of 2nd period - Shot Misses the Net.
0:46 of 2nd period - Shot by Gabriel Bourque.
0:46 of 2nd period - Stopped by Jonathan Bernier without a rebound.
0:47 of 2nd period - Dainius Zubrus wins face-off versus Pavel Datsyuk in Canadiens zone.
0:47 of 2nd period - Joni Pitkanen is hit by Travis Hamonic and loses puck.
1:19 of 2nd period - Chris Kunitz is hit by Kevin Bieksa and loses puck.
1:31 of 2nd period - Justin Williams is hit by Chris Kunitz and loses puck.
2:08 of 2nd period - Shot by Corey Perry.
2:08 of 2nd period - Shot Misses the Net.
2:10 of 2nd period - Shot by Corey Perry.
2:10 of 2nd period - Shot Misses the Net.
2:12 of 2nd period - Shot by Joffrey Lupul.
2:12 of 2nd period - Shot Hit the Post.
2:14 of 2nd period - Shot by Anton Volchenkov.
2:14 of 2nd period - Goal by Anton Volchenkov - Canadiens : 2 - Flyers : 0.
2:15 of 2nd period - Josh Bailey wins face-off versus Eric Belanger in neutral zone.
2:15 of 2nd period - Josh Bailey is hit by Kyle Okposo.
2:28 of 2nd period - Icing by Mark Fistric.
2:29 of 2nd period - Eric Belanger wins face-off versus Jonathan Toews in Flyers zone.
2:54 of 2nd period - Icing by Mark Fistric.
2:55 of 2nd period - Josh Bailey wins face-off versus Eric Belanger in Flyers zone.
2:55 of 2nd period - Mike Weber is hit by Carlo Colaiacovo and loses puck.
3:12 of 2nd period - Sven Baertschi is hit by Mark Fistric and loses puck.
3:18 of 2nd period - Josh Bailey is hit by Mark Fistric and loses puck.
3:56 of 2nd period - Shot by Chris Kunitz.
3:56 of 2nd period - Goal by Chris Kunitz - Canadiens : 3 - Flyers : 0.
3:57 of 2nd period - Kyle Brodziak wins face-off versus Jonathan Toews in neutral zone.
4:24 of 2nd period - Shot by Jonathan Toews.
4:24 of 2nd period - Shot Misses the Net.
4:26 of 2nd period - Shot by Rostislav Klesla.
4:26 of 2nd period - Shot Misses the Net.
4:28 of 2nd period - Shot by Jonathan Toews.
4:28 of 2nd period - Stopped by Craig Anderson without a rebound.
4:29 of 2nd period - Pavel Datsyuk wins face-off versus Dainius Zubrus in Flyers zone.
4:36 of 2nd period - Shot by Jordan Eberle.
4:36 of 2nd period - Shot Misses the Net.
5:04 of 2nd period - Shot by Chris Kunitz.
5:04 of 2nd period - Shot Misses the Net.
5:06 of 2nd period - Shot by Travis Hamonic.
5:06 of 2nd period - Stopped by Craig Anderson without a rebound.
5:07 of 2nd period - Josh Bailey wins face-off versus Dany Heatley in Flyers zone.
5:14 of 2nd period - Shot by Josh Bailey.
5:14 of 2nd period - Shot Blocked by Kevin Bieksa.
5:30 of 2nd period - Shot by Gabriel Bourque.
5:30 of 2nd period - Stopped by Jonathan Bernier without a rebound.
5:31 of 2nd period - Kyle Brodziak wins face-off versus Jonathan Toews in Canadiens zone.
6:01 of 2nd period - Minor Penalty to Brian Lee for Boarding.
6:02 of 2nd period - Eric Belanger wins face-off versus Pavel Datsyuk in Flyers zone.
6:28 of 2nd period - Shot by Jordan Eberle.
6:28 of 2nd period - Shot Misses the Net.
6:34 of 2nd period - Shot by Chris Kunitz.
6:34 of 2nd period - Shot Misses the Net.
6:36 of 2nd period - Shot by Travis Hamonic.
6:36 of 2nd period - Shot Misses the Net.
6:38 of 2nd period - Shot by Chris Kunitz.
6:38 of 2nd period - Shot Blocked by Eric Belanger.
7:20 of 2nd period - Shot by Corey Perry.
7:20 of 2nd period - Shot Misses the Net.
7:22 of 2nd period - Shot by T.J. Brennan.
7:22 of 2nd period - Shot Hit the Post.
7:24 of 2nd period - Shot by Corey Perry.
7:24 of 2nd period - Stopped by Craig Anderson without a rebound.
7:25 of 2nd period - Eric Belanger wins face-off versus Pavel Datsyuk in Flyers zone.
7:37 of 2nd period - Minor Penalty to Chris Kunitz for Hooking.
7:38 of 2nd period - Jonathan Toews wins face-off versus Kyle Brodziak in Canadiens zone.
7:59 of 2nd period - Shot by Corey Perry.
7:59 of 2nd period - Stopped by Craig Anderson with a rebound.
8:03 of 2nd period - Shot by Jordan Eberle.
8:03 of 2nd period - Shot Misses the Net.
8:05 of 2nd period - Shot by Eric Nystrom.
8:05 of 2nd period - Shot Misses the Net.
8:21 of 2nd period - Shot by Justin Williams.
8:21 of 2nd period - Stopped by Jonathan Bernier without a rebound.
8:22 of 2nd period - Jordan Eberle wins face-off versus Gabriel Bourque in Canadiens zone.
8:35 of 2nd period - Shot by Mark Stuart.
8:35 of 2nd period - Stopped by Jonathan Bernier without a rebound.
8:36 of 2nd period - Kyle Brodziak wins face-off versus Eric Nystrom in Canadiens zone.
8:37 of 2nd period - Shot by Joni Pitkanen.
8:37 of 2nd period - Shot Blocked by Rostislav Klesla.
9:46 of 2nd period - Shot by Corey Perry.
9:46 of 2nd period - Shot Misses the Net.
10:10 of 2nd period - Dainius Zubrus is hit by Corey Perry and loses puck.
11:03 of 2nd period - Icing by Mark Stuart.
11:04 of 2nd period - Pavel Datsyuk wins face-off versus R.J. Umberger in Flyers zone.
11:07 of 2nd period - Shot by Chris Kunitz.
11:07 of 2nd period - Stopped by Craig Anderson without a rebound.
11:08 of 2nd period - Pavel Datsyuk wins face-off versus Eric Belanger in Flyers zone.
11:26 of 2nd period - Icing by Mike Weber.
11:27 of 2nd period - Pavel Datsyuk wins face-off versus Kyle Brodziak in Canadiens zone.
12:41 of 2nd period - Minor Penalty to Kyle Okposo for Cross-checking.
12:42 of 2nd period - Eric Belanger wins face-off versus Pavel Datsyuk in Flyers zone.
14:41 of 2nd period - Shot by Pavel Datsyuk.
14:41 of 2nd period - Stopped by Craig Anderson with a rebound.
15:05 of 2nd period - Shot by Josh Bailey.
15:05 of 2nd period - Stopped by Craig Anderson without a rebound.
15:06 of 2nd period - Kyle Okposo wins face-off versus Eric Nystrom in Flyers zone.
15:06 of 2nd period - Kyle Okposo is hit by Tyler Kennedy.
15:38 of 2nd period - Shot by Taylor Pyatt.
15:38 of 2nd period - Shot Misses the Net.
15:44 of 2nd period - Shot by Taylor Pyatt.
15:44 of 2nd period - Stopped by Craig Anderson without a rebound.
15:45 of 2nd period - Dainius Zubrus wins face-off versus Josh Bailey in Flyers zone.
15:45 of 2nd period - Dainius Zubrus is hit by Josh Bailey.
16:10 of 2nd period - Shot by Jack Skille.
16:10 of 2nd period - Stopped by Jonathan Bernier without a rebound.
16:11 of 2nd period - R.J. Umberger wins face-off versus Pavel Datsyuk in Canadiens zone.
16:16 of 2nd period - Shot by Mark Stuart.
16:16 of 2nd period - Stopped by Jonathan Bernier without a rebound.
16:17 of 2nd period - Kyle Brodziak wins face-off versus Pavel Datsyuk in Canadiens zone.
16:17 of 2nd period - Mark Stuart is hit by Mike Weber and loses puck.
16:42 of 2nd period - Shot by Pavel Datsyuk.
16:42 of 2nd period - Shot Misses the Net.
16:44 of 2nd period - Shot by Chris Kunitz.
16:44 of 2nd period - Shot Blocked by Marek Zidlicky.
16:46 of 2nd period - Shot by Chris Kunitz.
16:46 of 2nd period - Shot Misses the Net.
16:48 of 2nd period - Shot by Pavel Datsyuk.
16:48 of 2nd period - Stopped by Craig Anderson with a rebound.
17:13 of 2nd period - Shot by Jonathan Toews.
17:13 of 2nd period - Shot Misses the Net.
17:15 of 2nd period - Shot by Jonathan Toews.
17:15 of 2nd period - Shot Misses the Net.
17:17 of 2nd period - Shot by Jonathan Toews.
17:17 of 2nd period - Stopped by Craig Anderson without a rebound.
17:18 of 2nd period - Josh Bailey wins face-off versus R.J. Umberger in Flyers zone.
17:29 of 2nd period - Shot by Kyle Okposo.
17:29 of 2nd period - Shot Hit the Post.
18:17 of 2nd period - Shot by Jonathan Toews.
18:17 of 2nd period - Shot Misses the Net.
18:19 of 2nd period - Shot by Jonathan Toews.
18:19 of 2nd period - Shot Misses the Net.
18:21 of 2nd period - Shot by Jonathan Toews.
18:21 of 2nd period - Stopped by Craig Anderson with a rebound.
18:23 of 2nd period - Shot by Corey Perry.
18:23 of 2nd period - Stopped by Craig Anderson without a rebound.
18:24 of 2nd period - Pavel Datsyuk wins face-off versus Dainius Zubrus in Flyers zone.
18:33 of 2nd period - Shot by Pavel Datsyuk.
18:33 of 2nd period - Deflect By Chris Kunitz.
18:33 of 2nd period - Shot Misses the Net.
18:51 of 2nd period - Shot by Pavel Datsyuk.
18:51 of 2nd period - Shot Hit the Post.
18:53 of 2nd period - Shot by Mike Weber.
18:53 of 2nd period - Shot Misses the Net.
18:55 of 2nd period - Shot by Jordan Eberle.
18:55 of 2nd period - Stopped by Craig Anderson without a rebound.
18:56 of 2nd period - Jonathan Toews wins face-off versus Eric Belanger in Flyers zone.
18:57 of 2nd period - Shot by Corey Perry.
18:57 of 2nd period - Deflect By Jonathan Toews.
18:57 of 2nd period - Shot Misses the Net.
18:59 of 2nd period - Shot by Anton Volchenkov.
18:59 of 2nd period - Stopped by Craig Anderson with a rebound.
19:01 of 2nd period - Shot by Jonathan Toews.
19:01 of 2nd period - Stopped by Craig Anderson without a rebound.
19:02 of 2nd period - Kyle Brodziak wins face-off versus Jonathan Toews in Flyers zone.
19:23 of 2nd period - Icing by Rostislav Klesla.
19:24 of 2nd period - Jonathan Toews wins face-off versus R.J. Umberger in Canadiens zone.
19:24 of 2nd period - Joffrey Lupul is hit by R.J. Umberger and loses puck.
19:45 of 2nd period - Shot by Jonathan Toews.
19:45 of 2nd period - Stopped by Craig Anderson with a rebound.
Goals for this period are 2 for Canadiens vs 0 for Flyers.
Shots for this period are 18 for Canadiens vs 6 for Flyers.

3rd period


0:01 of 3rd period - Chris Kunitz wins face-off versus Kyle Brodziak in neutral zone.
0:12 of 3rd period - Shot by Jordan Eberle.
0:12 of 3rd period - Shot Misses the Net.
0:26 of 3rd period - Shot by Justin Williams.
0:26 of 3rd period - Stopped by Jonathan Bernier without a rebound.
0:27 of 3rd period - Jonathan Toews wins face-off versus R.J. Umberger in Canadiens zone.
0:27 of 3rd period - Jonathan Toews is hit by Gabriel Bourque.
0:32 of 3rd period - Joffrey Lupul is hit by Mark Stuart and loses puck.
0:39 of 3rd period - Corey Perry is hit by R.J. Umberger.
0:40 of 3rd period - Icing by Corey Perry.
0:41 of 3rd period - Kyle Brodziak wins face-off versus Jonathan Toews in Canadiens zone.
0:41 of 3rd period - Kyle Brodziak is hit by Rostislav Klesla.
1:14 of 3rd period - Icing by Anton Volchenkov.
1:15 of 3rd period - R.J. Umberger wins face-off versus Jonathan Toews in Canadiens zone.
2:14 of 3rd period - Shot by Justin Williams.
2:14 of 3rd period - Shot Misses the Net.
2:16 of 3rd period - Shot by Joni Pitkanen.
2:16 of 3rd period - Shot Blocked by Jordan Eberle.
2:18 of 3rd period - Shot by Joni Pitkanen.
2:18 of 3rd period - Stopped by Jonathan Bernier without a rebound.
2:19 of 3rd period - Josh Bailey wins face-off versus Dainius Zubrus in Canadiens zone.
2:19 of 3rd period - Josh Bailey is hit by Jack Skille.
3:35 of 3rd period - Shot by Dany Heatley.
3:35 of 3rd period - Stopped by Jonathan Bernier without a rebound.
3:35 of 3rd period - Minor Penalty to Travis Hamonic for Hooking.
3:36 of 3rd period - Kyle Brodziak wins face-off versus Eric Nystrom in Canadiens zone.
3:57 of 3rd period - Shot by Mark Stuart.
3:57 of 3rd period - Stopped by Jonathan Bernier without a rebound.
3:58 of 3rd period - R.J. Umberger wins face-off versus Eric Nystrom in Canadiens zone.
3:59 of 3rd period - Shot by Kevin Bieksa.
3:59 of 3rd period - Stopped by Jonathan Bernier without a rebound.
4:00 of 3rd period - R.J. Umberger wins face-off versus Eric Nystrom in Canadiens zone.
4:35 of 3rd period - Shot by Joni Pitkanen.
4:35 of 3rd period - Stopped by Jonathan Bernier without a rebound.
4:36 of 3rd period - Kyle Brodziak wins face-off versus Jordan Eberle in Canadiens zone.
4:43 of 3rd period - Shot by Marek Zidlicky.
4:43 of 3rd period - Stopped by Jonathan Bernier without a rebound.
4:44 of 3rd period - Kyle Brodziak wins face-off versus Eric Nystrom in Canadiens zone.
4:44 of 3rd period - Kyle Brodziak is hit by Mike Weber.
4:48 of 3rd period - Shot by Marek Zidlicky.
4:48 of 3rd period - Stopped by Jonathan Bernier without a rebound.
4:49 of 3rd period - Kyle Brodziak wins face-off versus Eric Nystrom in Canadiens zone.
4:50 of 3rd period - Shot by Kevin Bieksa.
4:50 of 3rd period - Shot Blocked by Eric Nystrom.
4:52 of 3rd period - Shot by Justin Williams.
4:52 of 3rd period - Goal by Justin Williams - Canadiens : 3 - Flyers : 1.
4:53 of 3rd period - Kyle Brodziak wins face-off versus Jonathan Toews in neutral zone.
5:14 of 3rd period - Shot by Justin Williams.
5:14 of 3rd period - Shot Misses the Net.
5:16 of 3rd period - Shot by Joni Pitkanen.
5:16 of 3rd period - Stopped by Jonathan Bernier with a rebound.
5:28 of 3rd period - Shot by Justin Williams.
5:28 of 3rd period - Shot Blocked by Michal Rozsival.
5:32 of 3rd period - Shot by Justin Williams.
5:32 of 3rd period - Shot Blocked by Jonathan Toews.
5:56 of 3rd period - Shot by Gabriel Bourque.
5:56 of 3rd period - Shot Misses the Net.
6:01 of 3rd period - Off-side.
6:02 of 3rd period - Josh Bailey wins face-off versus Eric Belanger in neutral zone.
6:02 of 3rd period - Josh Bailey is hit by Kyle Okposo.
6:06 of 3rd period - Mark Fistric is hit by Mike Weber and loses puck.
7:13 of 3rd period - Pavel Datsyuk is hit by Jack Skille and loses puck.
7:20 of 3rd period - Shot by Anton Volchenkov.
7:20 of 3rd period - Shot Misses the Net.
7:48 of 3rd period - Shot by R.J. Umberger.
7:48 of 3rd period - Shot Misses the Net.
7:50 of 3rd period - Shot by Joni Pitkanen.
7:50 of 3rd period - Shot Blocked by Rostislav Klesla.
7:52 of 3rd period - Shot by R.J. Umberger.
7:52 of 3rd period - Stopped by Jonathan Bernier with a rebound.
8:07 of 3rd period - R.J. Umberger is hit by Anton Volchenkov and loses puck.
8:32 of 3rd period - Shot by Justin Williams.
8:32 of 3rd period - Stopped by Jonathan Bernier with a rebound.
8:34 of 3rd period - Shot by Justin Williams.
8:34 of 3rd period - Shot Blocked by Rostislav Klesla.
8:36 of 3rd period - Shot by Kyle Brodziak.
8:36 of 3rd period - Stopped by Jonathan Bernier without a rebound.
8:37 of 3rd period - Kyle Brodziak wins face-off versus Jonathan Toews in Canadiens zone.
8:41 of 3rd period - Justin Williams is hit by Travis Hamonic and loses puck.
8:52 of 3rd period - Shot by Justin Williams.
8:52 of 3rd period - Stopped by Jonathan Bernier without a rebound.
8:53 of 3rd period - Eric Belanger wins face-off versus Eric Nystrom in Canadiens zone.
8:53 of 3rd period - Eric Belanger is hit by Mike Weber.
8:58 of 3rd period - Minor Penalty to Mike Weber for Hooking.
8:59 of 3rd period - Kyle Brodziak wins face-off versus Eric Nystrom in Canadiens zone.
9:20 of 3rd period - Shot by Joni Pitkanen.
9:20 of 3rd period - Stopped by Jonathan Bernier without a rebound.
9:21 of 3rd period - Eric Nystrom wins face-off versus Kyle Okposo in Canadiens zone.
9:32 of 3rd period - Shot by Marek Zidlicky.
9:32 of 3rd period - Stopped by Jonathan Bernier without a rebound.
9:33 of 3rd period - Eric Nystrom wins face-off versus Kyle Brodziak in Canadiens zone.
9:44 of 3rd period - Shot by Kyle Brodziak.
9:44 of 3rd period - Shot Misses the Net.
9:46 of 3rd period - Shot by Joni Pitkanen.
9:46 of 3rd period - Deflect By Dany Heatley.
9:46 of 3rd period - Stopped by Jonathan Bernier without a rebound.
9:47 of 3rd period - Pavel Datsyuk wins face-off versus R.J. Umberger in Canadiens zone.
9:47 of 3rd period - Pavel Datsyuk is hit by Kyle Okposo.
9:53 of 3rd period - Shot by Pavel Datsyuk.
9:53 of 3rd period - Stopped by Craig Anderson without a rebound.
9:54 of 3rd period - Kyle Brodziak wins face-off versus Eric Nystrom in Flyers zone.
10:07 of 3rd period - Shot by Justin Williams.
10:07 of 3rd period - Shot Misses the Net.
10:15 of 3rd period - Shot by Joni Pitkanen.
10:15 of 3rd period - Stopped by Jonathan Bernier without a rebound.
10:16 of 3rd period - R.J. Umberger wins face-off versus Mason Raymond in Canadiens zone.
10:46 of 3rd period - Shot by Kyle Okposo.
10:46 of 3rd period - Shot Misses the Net.
10:48 of 3rd period - Shot by Gabriel Bourque.
10:48 of 3rd period - Stopped by Jonathan Bernier without a rebound.
10:49 of 3rd period - Kyle Brodziak wins face-off versus Eric Nystrom in Canadiens zone.
11:02 of 3rd period - Shot by Carlo Colaiacovo.
11:02 of 3rd period - Shot Misses the Net.
11:04 of 3rd period - Shot by Jack Skille.
11:04 of 3rd period - Stopped by Jonathan Bernier with a rebound.
11:06 of 3rd period - Shot by Dainius Zubrus.
11:06 of 3rd period - Goal by Dainius Zubrus - Canadiens : 3 - Flyers : 2.
11:07 of 3rd period - Kyle Brodziak wins face-off versus Jonathan Toews in neutral zone.
11:17 of 3rd period - Shot by Justin Williams.
11:17 of 3rd period - Goal by Justin Williams - Canadiens : 3 - Flyers : 3.
11:18 of 3rd period - Eric Nystrom wins face-off versus R.J. Umberger in neutral zone.
11:30 of 3rd period - Tyler Kennedy is hit by Mark Stuart.
11:38 of 3rd period - Shot by Taylor Pyatt.
11:38 of 3rd period - Shot Misses the Net.
11:40 of 3rd period - Shot by Eric Nystrom.
11:40 of 3rd period - Stopped by Craig Anderson with a rebound.
12:10 of 3rd period - Shot by Pavel Datsyuk.
12:10 of 3rd period - Shot Blocked by Marek Zidlicky.
12:12 of 3rd period - Shot by Chris Kunitz.
12:12 of 3rd period - Stopped by Craig Anderson with a rebound.
12:20 of 3rd period - Shot by Jordan Eberle.
12:20 of 3rd period - Stopped by Craig Anderson without a rebound.
12:21 of 3rd period - Joffrey Lupul wins face-off versus Kyle Brodziak in Flyers zone.
12:21 of 3rd period - Jonathan Toews is hit by Kevin Bieksa.
12:26 of 3rd period - Minor Penalty to Kevin Bieksa for High sticking.
12:27 of 3rd period - Jonathan Toews wins face-off versus Eric Belanger in Flyers zone.
12:55 of 3rd period - Shot by Corey Perry.
12:55 of 3rd period - Stopped by Craig Anderson without a rebound.
12:56 of 3rd period - Pavel Datsyuk wins face-off versus Eric Belanger in Flyers zone.
13:03 of 3rd period - Shot by Chris Kunitz.
13:03 of 3rd period - Stopped by Craig Anderson without a rebound.
13:04 of 3rd period - Eric Belanger wins face-off versus Pavel Datsyuk in Flyers zone.
13:28 of 3rd period - Icing by Chris Kunitz.
13:29 of 3rd period - Kyle Brodziak wins face-off versus Pavel Datsyuk in Canadiens zone.
13:29 of 3rd period - Mark Stuart is hit by Michal Rozsival.
13:54 of 3rd period - Shot by Pavel Datsyuk.
13:54 of 3rd period - Shot Misses the Net.
13:56 of 3rd period - Shot by Pavel Datsyuk.
13:56 of 3rd period - Deflect By Chris Kunitz.
13:56 of 3rd period - Shot Misses the Net.
13:58 of 3rd period - Shot by Chris Kunitz.
13:58 of 3rd period - Shot Blocked by Joni Pitkanen.
14:20 of 3rd period - Shot by Corey Perry.
14:20 of 3rd period - Stopped by Craig Anderson without a rebound.
14:21 of 3rd period - Jonathan Toews wins face-off versus Eric Belanger in Flyers zone.
14:33 of 3rd period - Off-side.
14:34 of 3rd period - Josh Bailey wins face-off versus Dainius Zubrus in neutral zone.
14:34 of 3rd period - T.J. Brennan is hit by Jack Skille.
14:35 of 3rd period - Minor Penalty to Jack Skille for Roughing.
14:36 of 3rd period - Jonathan Toews wins face-off versus Eric Belanger in Flyers zone.
14:37 of 3rd period - Shot by Rostislav Klesla.
14:37 of 3rd period - Stopped by Craig Anderson without a rebound.
14:38 of 3rd period - Eric Belanger wins face-off versus Jonathan Toews in Flyers zone.
14:48 of 3rd period - Off-side.
14:49 of 3rd period - Pavel Datsyuk wins face-off versus Eric Belanger in neutral zone.
14:57 of 3rd period - Shot by Travis Hamonic.
14:57 of 3rd period - Stopped by Craig Anderson without a rebound.
14:58 of 3rd period - Eric Belanger wins face-off versus Corey Perry in Flyers zone.
15:58 of 3rd period - Jordan Eberle is hit by Mark Stuart and loses puck.
16:17 of 3rd period - Shot by Chris Kunitz.
16:17 of 3rd period - Stopped by Craig Anderson without a rebound.
16:18 of 3rd period - Eric Belanger wins face-off versus Jonathan Toews in Flyers zone.
17:38 of 3rd period - Shot by Chris Kunitz.
17:38 of 3rd period - Shot Misses the Net.
18:08 of 3rd period - Shot by Gabriel Bourque.
18:08 of 3rd period - Stopped by Jonathan Bernier without a rebound.
18:09 of 3rd period - Jonathan Toews wins face-off versus Kyle Brodziak in Canadiens zone.
18:11 of 3rd period - Icing by Mike Weber.
18:12 of 3rd period - Kyle Brodziak wins face-off versus Jonathan Toews in Canadiens zone.
18:16 of 3rd period - Icing by T.J. Brennan.
18:17 of 3rd period - Jonathan Toews wins face-off versus Eric Belanger in Canadiens zone.
19:15 of 3rd period - Kevin Bieksa is hit by Chris Kunitz and loses puck.
19:24 of 3rd period - Shot by Chris Kunitz.
19:24 of 3rd period - Shot Misses the Net.
Goals for this period are 0 for Canadiens vs 3 for Flyers.
Shots for this period are 10 for Canadiens vs 23 for Flyers.

Overtime #1


0:01 of 1st overtime period - Jonathan Toews wins face-off versus Kyle Brodziak in neutral zone.
0:12 of 1st overtime period - Shot by Joffrey Lupul.
0:12 of 1st overtime period - Stopped by Craig Anderson with a rebound.
0:14 of 1st overtime period - Shot by Corey Perry.
0:14 of 1st overtime period - Shot Blocked by Kevin Bieksa.
0:16 of 1st overtime period - Shot by Travis Hamonic.
0:16 of 1st overtime period - Shot Misses the Net.
0:18 of 1st overtime period - Shot by Jonathan Toews.
0:18 of 1st overtime period - Stopped by Craig Anderson without a rebound.
0:19 of 1st overtime period - Pavel Datsyuk wins face-off versus R.J. Umberger in Flyers zone.
0:32 of 1st overtime period - Shot by Pavel Datsyuk.
0:32 of 1st overtime period - Shot Misses the Net.
0:58 of 1st overtime period - Shot by R.J. Umberger.
0:58 of 1st overtime period - Stopped by Jonathan Bernier without a rebound.
0:59 of 1st overtime period - Jonathan Toews wins face-off versus Justin Williams in Canadiens zone.
2:00 of 1st overtime period - Off-side.
2:01 of 1st overtime period - Pavel Datsyuk wins face-off versus R.J. Umberger in neutral zone.
2:08 of 1st overtime period - Shot by Jordan Eberle.
2:08 of 1st overtime period - Shot Misses the Net.
2:16 of 1st overtime period - Mark Stuart is hit by Chris Kunitz and loses puck.
3:19 of 1st overtime period - Minor Penalty to Jack Skille for Interference.
3:20 of 1st overtime period - Eric Belanger wins face-off versus Jonathan Toews in Flyers zone.
3:20 of 1st overtime period - Joni Pitkanen is hit by Joffrey Lupul and loses puck.
3:50 of 1st overtime period - Shot by Travis Hamonic.
3:50 of 1st overtime period - Stopped by Craig Anderson without a rebound.
3:51 of 1st overtime period - Eric Belanger wins face-off versus Pavel Datsyuk in Flyers zone.
4:15 of 1st overtime period - Pavel Datsyuk is hit by Mark Stuart and loses puck.
5:20 of 1st overtime period - Shot by Jonathan Toews.
5:20 of 1st overtime period - Shot Blocked by Philip Larsen.
5:41 of 1st overtime period - Justin Williams is hit by T.J. Brennan and loses puck.
6:11 of 1st overtime period - Major / Game Misconduct Penalty to Eric Belanger for Unsportsmanlike conduct.
6:11 of 1st overtime period - Eric Belanger is ejected from game.
6:12 of 1st overtime period - Pavel Datsyuk wins face-off versus Jean-Gabriel Pageau in Flyers zone.
6:47 of 1st overtime period - Shot by Pavel Datsyuk.
6:47 of 1st overtime period - Stopped by Craig Anderson without a rebound.
6:48 of 1st overtime period - Jonathan Toews wins face-off versus Jean-Gabriel Pageau in Flyers zone.
6:48 of 1st overtime period - Jonathan Toews is hit by Mark Stuart.
8:18 of 1st overtime period - Joni Pitkanen is hit by Chris Kunitz and loses puck.
9:08 of 1st overtime period - Shot by Chris Kunitz.
9:08 of 1st overtime period - Shot Blocked by Marek Zidlicky.
9:50 of 1st overtime period - Brian Lee is hit by Taylor Pyatt.
10:01 of 1st overtime period - Off-side.
10:02 of 1st overtime period - Pavel Datsyuk wins face-off versus Dainius Zubrus in neutral zone.
10:25 of 1st overtime period - Icing by Pavel Datsyuk.
10:26 of 1st overtime period - Dainius Zubrus wins face-off versus Pavel Datsyuk in Canadiens zone.
10:31 of 1st overtime period - Shot by Dainius Zubrus.
10:31 of 1st overtime period - Stopped by Jonathan Bernier without a rebound.
10:32 of 1st overtime period - Eric Nystrom wins face-off versus Jean-Gabriel Pageau in Canadiens zone.
10:53 of 1st overtime period - Shot by Chris Kunitz.
10:53 of 1st overtime period - Goal by Chris Kunitz - Canadiens : 4 - Flyers : 3.
Goals for this period are 1 for Canadiens vs 0 for Flyers.
Shots for this period are 5 for Canadiens vs 2 for Flyers.


Output by the SimonT Hockey Simulator (STHS) for Stephane Roy -- Original Page W3C XHTML 1.0 Valid
Hockey Simulator - Hockey Simulation - Hockey Manager